AoeStats
← a.l.a.n.t

Arena

505412699Analyzed
1v1 RM · 24d ago on Sep 9, 2026· 45m 17s· 2 players
Game mode
Random Map
Map size
Tiny (2 player)
Population
200
Speed
Normal
Resources
Standard
Victory
Conquest
Starting age
Dark Age
Ending age
Imperial Age
RankedLock teamsTeams togetherTeam positionsShared explorationLock speedFull tech treeHidden civsTurbo modeCheats
Victory
Defeat
🇪🇸 Japanese · Spain
1249
+17
🇬🇧 Hindustanis · United Kingdom
1265
-17
willyfoc87
10:46 Feudal Age
14:51 Castle Age
12:58 Horse Collar
13:43 Double-Bit Axe
17:16 Heavy Plow
21:21 Gold Mining
22:46 Bow Saw
23:42 Wheelbarrow
23:53 Stone Mining
25:14 Hand Cart
26:10 Gold Shaft Mining
25:33 Town Watch
29:22 Imperial Age
26:49 Fletching
27:01 Padded Archer Armor
27:26 Ballistics
27:17 Masonry
26:48 Treadmill Crane
27:25 Masonry
27:38 Forging
27:28 Scale Mail Armor
27:11 Pikeman
27:53 Squires
27:40 Arson
28:07 Bodkin Arrow
28:28 Leather Archer Armor
28:15 Town Watch
29:55 Iron Casting
30:06 Chain Mail Armor
30:11 Bloodlines
30:02 Husbandry
30:16 Bracer
30:50 Parthian Tactics
31:36 Two-Man Saw
30:55 Thumb Ring
32:25 Ring Archer Armor
33:39 Chemistry
32:20 Heavy Cavalry Archer
33:49 Town Patrol
34:56 Blast Furnace
34:27 Plate Mail Armor
34:31 Conscription
33:53 Halberdier
45:25 Hoardings
a.l.a.n.t
11:46 Feudal Age
15:59 Castle Age
14:11 Horse Collar
15:00 Double-Bit Axe
17:05 Bow Saw
21:28 Town Watch
22:21 Wheelbarrow
23:27 Loom
28:03 Imperial Age
26:50 Padded Archer Armor
26:42 Fletching
27:39 Town Patrol
27:59 Leather Archer Armor
29:49 Chemistry
30:00 Ring Archer Armor
29:28 Gold Mining
29:43 Shatagni
30:04 Conscription
30:50 Scale Barding Armor
31:23 Husbandry
31:40 Bloodlines
32:10 Hand Cart
32:09 Masonry
32:05 Siege Engineers
32:44 Light Cavalry
33:57 Chain Barding Armor
34:37 Hussar
35:32 Elite Skirmisher
37:36 Ballistics
38:25 Elite Ghulam
40:26 Plate Barding Armor
39:47 Bodkin Arrow
41:02 Bracer
41:55 Scale Mail Armor
43:39 Chain Mail Armor
45:47 Plate Barding Armor
Connection lost

Rejoining the realm…

Still unreachable

The connection could not be restored.

Session expired

The server has moved on; the page needs a fresh start.